 Dungeon Crawl Stone Soup version 0.30-a0-760-g5a9884bb7c (webtiles) character file.

Game seed: 4212093719557688157

168 octoduck the Ducker (level 5, 0/28 HPs)
             Began as a Deep Elf Fire Elementalist on Feb 12, 2023.
             Killed from afar by a white imp (11 damage)
             ... with a puff of frost
             ... summoned by Natasha
             ... on level 3 of the Dungeon.
             The game lasted 00:07:51 (2822 turns).

octoduck the Ducker (Deep Elf Fire Elementalist)    Turns: 2822, Time: 00:07:51

Health: 0/28       AC:  7    Str: 11    XL:     5   Next: 23%
Magic:  0/11       EV: 14    Int: 20    God:
Gold:   173        SH:  0    Dex: 17    Spells: 4/10 levels left

rFire   . . .      SeeInvis .    c - +0 dagger
rCold   . . .      Faith    .    (no shield)
rNeg    . . .      Spirit   .    a - +1 robe
rPois   .          Reflect  .    o - +0 helmet
rElec   .          Harm     .    (no cloak)
rCorr   .          Rampage  .    f - +2 pair of gloves
Will    .....                    (no boots)
Stlth   ++                       (no amulet)
HPRegen 0.24/turn                p - +6 ring of strength
MPRegen 0.12/turn                (no ring)

@: no status effects
A: no striking features
a: no special abilities


You were on level 3 of the Dungeon.
You visited 1 branch of the dungeon, and saw 3 of its levels.

You collected 173 gold pieces.

Inventory:

Hand Weapons
 c - a +0 dagger (weapon)
 g - a +0 short sword
Missiles
 e - 6 poisoned darts
Armour
 a - a +1 robe (worn)
 f - a +2 pair of gloves (worn)
 h - the +3 leather armour of Midwinter {rC+}
   (You found it on level 2 of the Dungeon)

   rC:        It protects you from cold.
 k - a +0 leather armour
 o - a +0 helmet (worn)
Jewellery
 p - a +6 ring of strength (left hand)
Scrolls
 i - 3 scrolls of teleportation
 l - 2 scrolls of identify
 n - a scroll of magic mapping {unknown}
 q - a scroll of poison {unknown}
Potions
 b - a potion of magic
 d - 3 potions of attraction
 j - a potion of mutation {unknown}
 m - a potion of brilliance


   Skills:
 * Level 4.7 Dodging
 - Level 2.4 Stealth
 - Level 3.0 Spellcasting
 + Level 3.0 Conjurations
 + Level 4.4 Fire Magic


You had 4 spell levels left.
You knew the following spells:

 Your Spells              Type           Power      Damage    Failure   Level
a - Foxfire               Conj/Fire      72%        2x1d7     3%          1
b - Scorch                Fire           40%        2d7       3%          2
c - Kindle Blastsparks    Fire/Tloc/Air  16%        2d11      24%         3

Your spell library contained the following spells:

 Spells                   Type           Power      Damage    Failure   Level
 Shock                    Conj/Air       36%        1d5       8%          1
 Inner Flame              Hex/Fire       11%        N/A       17%         3
 Flame Wave               Conj/Fire      18%        2d7       30%         4
 Swiftness                Air            3%         N/A       38%         3
 Airstrike                Air            1%         2d(1-17)  80%         4


Dungeon Overview and Level Annotations

Branches:
Dungeon (3/15)

Altars:

Annotations:
D:3 1 transporter, exclusion: 2 doors, Natasha


Message History

The crimson imp hits you but does no damage.
Casting: Scorch (safe; 3% risk of failure)
Confirm with . or Enter, or press ? or * to list all spells.
Flames lash the crimson imp.
The crimson imp completely resists.
Natasha closely misses you. The crimson imp hits you.
Natasha mumbles some strange words.
The crimson imp blinks!
Casting: Scorch (safe; 3% risk of failure)
Confirm with . or Enter, or press ? or * to list all spells.
Flames lash Natasha.
Natasha is moderately wounded.
Natasha's fire resistance burns away.
Natasha closely misses you. Natasha barely misses you.
The white imp misses you.
The crimson imp blinks!
Casting: Scorch (safe; 3% risk of failure)
Confirm with . or Enter, or press ? or * to list all spells.
You conjure some foxfire!
Natasha mumbles some strange words.
The white imp closely misses you.
The foxfire hits Natasha but does no damage.
Natasha is moderately wounded.
The foxfire hits the white imp.
The white imp is burned terribly!
The white imp is heavily wounded.
Natasha misses you. The white imp closely misses you.
Casting: Foxfire (safe; 3% risk of failure)
Confirm with . or Enter, or press ? or * to list all spells.
You conjure some foxfire!
Natasha is no longer more vulnerable to fire.
Natasha misses you.
The crimson imp blinks!
The white imp barely misses you.
The foxfire hits Natasha.
Natasha is severely wounded.
The foxfire hits the white imp.
The white imp is heavily wounded.
Natasha claws you. The white imp misses you. Natasha claws you!
The white imp completely misses you. The white imp attacks as you move away!
The white imp closely misses you.
Natasha stares at you and mumbles some strange words.
You resist with some effort. The white imp gestures at you.
The puff of frost hits you!
You die...

....??....©#...#.....##.#.....##.
...........#...#.....#........##.
..##...##..#...#.....#...#....##.
..#8...8#..#..##..........#......
..##...##..#..##...).#....#......
... .©.. #..##.....#....#......
#.........#....#......
#.........#....#......
#....@....#....#..)†..
#..5h#.#######.#...... #......#
.#...... ####....#..).# #.....<
.....5...#.##.# #......
.......5...# #### #.####.
...........# ....#......
...†.......# ...######.
...........# .........


You could see Natasha, 2 crimson imps and a white imp (summoned).

Vanquished Creatures
  Natasha (twice) (D:3)
  Robin (D:3)
  3 adders
  2 dart slugs
  2 orcs (D:3)
  4 endoplasms (D:2)
  3 giant cockroaches
  14 goblins
  8 hobgoblins
  8 kobolds
  2 quokkas (D:2)
  5 ball pythons
  8 bats
  4 frilled lizards
  5 rats
71 creatures vanquished.

Vanquished Creatures (others)
  129 foxfires
129 creatures vanquished.

Grand Total: 200 creatures vanquished

Notes
Turn   | Place    | Note
-------+----------+-------------------------------------------
     0 | D:1      | octoduck the Deep Elf Fire Elementalist began the quest for
                  | the Orb.
     0 | D:1      | Reached XP level 1. HP: 10/10 MP: 6/6
   321 | D:1      | Reached XP level 2. HP: 15/15 MP: 5/8
   535 | D:1      | Learned a level 2 spell: Scorch
   994 | D:2      | Reached XP level 3. HP: 19/19 MP: 6/9
  1367 | D:2      | Identified the +3 leather armour of Midwinter {rC+}
  1377 | D:2      | Learned a level 3 spell: Kindle Blastsparks
  1712 | D:2      | Reached XP level 4. HP: 24/24 MP: 8/10
  2357 | D:3      | Noticed Robin
  2365 | D:3      | Killed Robin
  2513 | D:3      | Found a transporter.
  2537 | D:3      | Noticed Natasha
  2547 | D:3      | Killed Natasha
  2548 | D:3      | Reached XP level 5. HP: 27/28 MP: 7/11
  2676 | D:3      | Noticed Natasha
  2682 | D:3      | Killed Natasha
  2804 | D:3      | Noticed Natasha
  2822 | D:3      | Killed from afar by a white imp

Illustrated notes

Levels and vault maps discovered:
D:1:      onia_arrival_mini_spirals, layout_basic, serial_curves,
          eino_curves_03, eino_curves_03, minmay_stone_trees_medium
D:2:      layout_basic, serial_rivers, chequers_serial_rivers_room_a,
          chequers_serial_rivers_large_a, chequers_serial_rivers_small_b,
          chequers_serial_rivers_small_b, minmay_misc_feat_plants
D:3:      layout_basic, grunt_gozag_statues, gammafunk_ghost_mausoleum,
          kennysheep_generic_room_6, uniq_robin, uniq_natasha

Skill      XL: |  1  2  3  4  5 |
---------------+----------------+-----
Dodging        | 3 4 |  4.7
Conjurations   | 2 3 |  3.0
Fire Magic     | 4 |  4.4
Stealth        | |  2.4
Spellcasting   | |  3.0

Action                     |  1- 3 |  4- 6 || total
---------------------------+-------+-------++-------
   Cast: Foxfire           |    49 |    28 ||    77
         Scorch            |     8 |    19 ||    27
    Use: Scroll            |     7 |       ||     7
         Potion            |     1 |       ||     1
 Armour: Robe              |     5 |     6 ||    11
  Dodge: Dodged            |    44 |    16 ||    60

Table legend: (Time is in decaauts)
 A = Elapsed time spent in this place.
 B = Non-inter-level travel time spent in this place.
 C = Inter-level travel time spent in this place.
 D = Time resting spent in this place.
 E = Time spent auto-exploring this place.
 F = Levels seen in this place.
 G = Mean time per level.
                   A        B        C        D        E       F      G
               +--------+--------+--------+--------+--------+-----+--------+
         Total |   2852 |   2682 |    170 |    787 |   1190 |   3 |  950.7 |
       Dungeon |   2852 |   2682 |    170 |    787 |   1190 |   3 |  950.7 |
               +--------+--------+--------+--------+--------+-----+--------+

Top non-repeatable levels by time:
     D:2: 1269 daAuts
     D:1: 910 daAuts
     D:3: 672 daAuts
